 Dungeon Crawl Stone Soup version 0.21-b1-23-g1fb0a74 (webtiles) character file.

53419 raph the Infuser (level 15, -2/108 HPs)
             Began as a Human Ice Elementalist on Jan 5, 2018.
             Was the Champion of Kikubaaqudgha.
             Killed from afar by a starcursed mass (13 damage)
             ... with an accursed screaming
             ... on level 2 of the Abyss.
             The game lasted 01:51:16 (33184 turns).

raph the Infuser (Human Ice Elementalist)          Turns: 33184, Time: 01:51:18

Health: -2/108     AC: 16    Str:  4 (5)  XL:     15   Next: 10%
Magic:  18/20      EV: 16    Int: 14 (15) God:    Kikubaaqudgha [******]
Gold:   1061       SH:  8    Dex:  9 (12) Spells: 3/28 levels left

rFire    x . .     SeeInvis .   N - +4 rapier (pain)
rCold    + . .     Gourm    .   J - +3 buckler
rNeg     + . .     Faith    +   Q - +3 leather armour {rN+}
rPois    .         Spirit   .   u - +2 hat
rElec    .         Reflect  .   p - +2 cloak
rCorr    .         Harm     .   D - +1 pair of gloves {archery}
MR       +....     Rnd*Rage +   O - +2 pair of boots {Stlth+}
Stlth    ++++......             W - amulet of faith
HPRegen  1.28/turn              k - ring of ice
MPRegen  0.17/turn              g - +2 ring of evasion

@: about to teleport, very slightly contaminated, regenerating (expiring)
A: berserk 1[+2], [clumsy 2], [deformed body], [deterioration 2], [dopey 2],
[low mp 2], [screaming 3], [weak 2], [no potion heal 3], [subdued magic 2]
a: Receive Corpses, Torment, Renounce Religion


You were on level 2 of the Abyss.
You worshipped Kikubaaqudgha.
Kikubaaqudgha was exalted by your worship.
You were not hungry.

You visited 4 branches of the dungeon, and saw 23 of its levels.
You visited the Abyss 1 time.

You collected 1489 gold pieces.
You spent 428 gold pieces at shops.

Inventory:

Hand Weapons
 a - a +3 short sword of venom
 K - a +0 short sword of speed
 N - a +4 rapier of pain (weapon)
 V - a +0 rapier
Missiles
 w - 11 javelins (quivered)
Armour
 p - a +2 cloak (worn)
 u - a +2 hat (worn)
 D - a +1 pair of gloves of archery (worn)
 J - a +3 buckler (worn)
 O - a +2 pair of boots of stealth (worn)
 Q - a +3 leather armour of positive energy (worn)
Jewellery
 b - the amulet of the Four Winds {rN+ MR+++ Clar}
   (You found it on level 14 of the Dungeon)

   [amulet of nothing]

   It protects you from negative energy.
   It affects your resistance to hostile enchantments.
   It protects you against confusion.
 g - a +2 ring of evasion (right hand)
 k - a ring of ice (left hand)
 R - an uncursed ring of poison resistance
 W - an amulet of faith (around neck)
Wands
 e - a wand of flame (124)
 t - a wand of acid (4)
 x - a wand of disintegration (10)
Scrolls
 f - a scroll of fear
 h - 4 scrolls of teleportation
 i - 3 scrolls of magic mapping
 j - a scroll of blinking
 n - 4 scrolls of remove curse
 z - 2 scrolls of identify
 L - 2 scrolls of amnesia
 S - 2 scrolls of fog
Potions
 d - 2 potions of ambrosia
 o - 7 potions of curing
 q - a potion of magic
 v - 2 potions of flight
 A - 6 potions of degeneration
 C - 2 potions of lignification
 E - 6 potions of brilliance
 H - a potion of resistance
 I - 2 potions of might
 M - a potion of invisibility {unknown}
 U - 3 potions of heal wounds
 X - a potion of berserk rage
 Z - a potion of agility
Miscellaneous
 l - a crystal ball of energy
 m - a phial of floods
Comestibles
 c - 23 rations


   Skills:
 + Level 7.1 Fighting
 * Level 9.9 Short Blades
   Level 0.3(6.2) Long Blades
 + Level 6.1 Armour
 + Level 7.8 Dodging
 + Level 8.3 Stealth
 + Level 6.6 Shields
 + Level 7.2 Spellcasting
   Level 1.0 Conjurations
 * Level 10.1 Charms
 * Level 8.7 Necromancy
 + Level 9.2 Ice Magic
 + Level 2.7 Evocations


You had 3 spell levels left.
You knew the following spells:

 Your Spells              Type           Power        Failure   Level  Hunger
a - Freeze                Ice            ####         1%          1    None
b - Vampiric Draining     Necr           ###.......   1%          3    ##.....
c - Ozocubu's Armour      Chrm/Ice       ####....     1%          3    ##.....
d - Dispel Undead         Necr           ###.....     12%         5    #####..
e - Confusing Touch       Hex            #.....       17%         1    None
f - Animate Skeleton      Necr           N/A          1%          1    None
g - Regeneration          Chrm/Necr      ###.......   1%          3    ##.....
h - Pain                  Necr           ###.         1%          1    None
i - Animate Dead          Necr           N/A          3%          4    ####...
j - Spectral Weapon       Hex/Chrm       ##......     5%          3    ##.....


Dungeon Overview and Level Annotations

Branches:
Dungeon (14/15)            Temple (1/1) D:6            Lair (6/6) D:11
  Swamp (0/4) Lair:3       Spider (0/4) Lair:3        Slime (0/5) Lair:6
    Orc (2/2) D:10            Elf (0/3) Orc:2
 Vaults: D:13-14

Altars:
Ashenzari
Cheibriados
Elyvilon
Fedhas
Gozag
Hepliaklqana
Kikubaaqudgha
Makhleb
Nemelex Xobeh
Okawaru
Qazlal
Ru
Sif Muna
Trog
Uskayaw
Vehumet
Wu Jian
Xom
Yredelemnul
The Shining One
Jiyva

Shops:
D:10 (   Orc:2 }:(%

Annotations:
D:3 Grinder
Lair:1 exclusion: oklob plant


Innate Abilities, Weirdness & Mutations

[You have an uncontrollable temper.]
[You are very clumsy. (Dex -4)]
[Armour fits poorly on your strangely shaped body.]
[Your body often deteriorates upon taking damage.]
[You are very dopey. (Int -4)]
[Your magical capacity is very low. (-20% MP)]
[You frequently scream uncontrollably at your foes.]
[You are very weak. (Str -4)]
[Potions cannot restore your health.]
[Your spells are easier to cast, but less powerful.]


Message History

A starcursed mass splits.
The apocalypse crab moves out of view.
You feel ill.
An iron imp comes into view.
You flicker back into view.
A wretched star comes into view.
You scream at the wretched star!
You hear a bark!
A starcursed mass splits. x2
The wretched star glows turbulently.
The orb of energy hits you!
* * * LOW HITPOINT WARNING * * *
Your body deteriorates!
You feel dopey.
That felt strangely inert.
Your skin is crawling a little less now.
The tentacled starspawn closely misses you.
You block the tentacled starspawn's attack.
You feel yourself growing ill in the presence of the ancient zyme.
A cacophony of accursed wailing tears at your sanity!
You die...
Kikubaaqudgha rasps: "You have failed me!
Welcome... death!"

.. ## .## # #.. ..
### # w #.[ . # .4
..# # #. . ..#
..#*#.##..#..#
..###..##.##.#.##
#. .....##...t...#
# ...§#.#...###.#
.. #...#..#@...##
#...xXx.#..## ##
##..X§x##. #. .#
§.XX##X# ....
#.XX##X....###
#.##.#X..##. ##
.#..##.X.X#Z.#.#
.#.
.....XXX.5.........
...##..##4.##..##..
..


You could see 9 starcursed masses, a tentacled starspawn, a wretched star, an
ancient zyme, an apocalypse crab, 2 small abominations and an anaconda skeleton.

Vanquished Creatures
  The ghost of torrenera the Martial Artist, a journeyman GnTm of Sif Muna (Orc:2)
  Fannar (D:10)
  A hydra (Lair:5)
  3 catoblepae (Lair:6)
  A centaur warrior (D:13)
  3 two-headed ogres
  3 death yaks (Lair:6)
  3 orc high priests (Orc:2)
  4 unseen horrors
  A wizard (D:14)
  4 orc knights (Orc:2)
  4 orc sorcerers (Orc:2)
  3 manticores
  4 ugly things (D:14)
  A cyclops (D:11)
  Joseph (D:8)
  5 black mambas
  Psyche (D:11)
  2 gargoyles (D:11)
  6 spiny frogs
  A kobold demonologist (Abyss:2)
  A centaur skeleton (D:14)
  6 komodo dragons
  2 rime drakes (Lair:6)
  2 tengu conjurers (D:14)
  An efreet (D:14)
  2 trolls
  A polar bear (Lair:5)
  A hornet (D:11)
  Prince Ribbit (D:8)
  2 dream sheep (Lair:3)
  9 blink frogs
  5 hippogriffs
  Sigmund (D:3)
  A wyvern (D:14)
  2 wraiths
  19 yaks
  2 fire bats (Lair:1)
  2 shadows
  A vampire (D:14)
  A fire bat (shapeshifter) (D:14)
  3 basilisks
  3 wargs
  2 swamp worms (Lair:3)
  A soldier ant (D:14)
  Duvessa (D:7)
  7 water moccasins
  8 porcupines
  2 black bears
  12 orc warriors
  An ice beast (D:7)
  11 ogres
  An eye of draining (D:10)
  4 phantoms
  4 centaurs
  22 wolves
  11 crocodiles
  A big kobold (D:14)
  Blork the orc (D:6)
  An elf zombie (D:8)
  17 bullfrogs
  2 gnoll sergeants
  Dowan (D:7)
  A small abomination (Abyss:2)
  5 scorpions
  7 howler monkeys
  11 wights
  2 electric eels (Lair:4)
  2 lava snakes (Lair:6)
  4 crimson imps
  A quasit (D:14)
  3 bullfrog zombies
  A gnoll shaman (D:5)
  3 human zombies (D:8)
  3 bullfrog skeletons
  9 orc priests
  2 hounds
  5 iguanas
  8 jellies
  16 orc wizards
  2 human skeletons (D:8)
  Jessica (D:3)
  Ijyb (D:3)
  Natasha (thrice) (D:2)
  4 hell rats (Lair:3)
  10 worker ants
  Terence (D:3)
  A hound zombie (D:7)
  15 gnolls
  A howler monkey skeleton (D:7)
  7 adders
  2 river rats (D:4)
  2 shadow imps
  8 oozes
  5 worms
  3 leopard geckos
  41 orcs
  3 giant cockroaches
  5 goblins
  10 hobgoblins
  18 jackals
  3 quokkas
  8 bats
  6 frilled lizards
  A jackal skeleton (D:9)
  13 kobolds
  An orc skeleton (D:8)
  An orc zombie (D:8)
  A quokka skeleton (D:7)
  A quokka zombie (D:6)
  8 rats
500 creatures vanquished.

Vanquished Creatures (collateral kills)
  A stone giant (Orc:2)
  An unseen horror (D:10)
  2 ugly things (D:14)
  3 spiny frogs
  2 komodo dragons (Lair:3)
  3 blink frogs
  3 dream sheep (Lair:3)
  3 hippogriffs
  A shadow (D:12)
  8 yaks
  2 basilisks
  A fire bat (Lair:1)
  A porcupine (Lair:1)
  2 water moccasins (Lair:3)
  An orc warrior (D:11)
  A hornet zombie (D:14)
  2 ogres (Orc:2)
  6 wolves
  5 bullfrogs
  A scorpion (D:12)
  A howler monkey (D:11)
  A bullfrog zombie (D:9)
  3 orc priests
  An iguana (D:12)
  An orc wizard (D:14)
  2 hell rats (Lair:3)
  3 orcs
  A kobold (D:14)
  A plant (Lair:1)
63 creatures vanquished.

Vanquished Creatures (others)
  An ogre (Orc:2)
  An orc priest (Orc:2)
  An orc (D:10)
  A kobold (D:1)
  5 fungi
  41 plants
  13 spectral weapons
  8 starspawn tentacles (Abyss:2)
71 creatures vanquished.

Grand Total: 634 creatures vanquished

Notes
Turn   | Place    | Note
-------+----------+-------------------------------------------
     0 | D:1      | raph the Human Ice Elementalist began the quest for the Orb.
     0 | D:1      | Reached XP level 1. HP: 13/13 MP: 3/3
   102 | D:1      | Reached XP level 2. HP: 7/19 MP: 0/5
   321 | D:1      | Learned a level 2 spell: Throw Frost
   601 | D:1      | Reached XP level 3. HP: 14/25 MP: 2/6
   790 | D:1      | Learned a level 3 spell: Ozocubu's Armour
  1435 | D:1      | Reached XP level 4. HP: 31/31 MP: 4/7
  1702 | D:2      | Found a blossoming altar of Fedhas.
  1729 | D:2      | Reached skill level 1 in Charms
  1762 | D:2      | Noticed Natasha
  1864 | D:2      | Killed Natasha
  1864 | D:2      | Reached skill level 1 in Fighting
  1899 | D:2      | Noticed Natasha
  2004 | D:2      | Killed Natasha
  2004 | D:2      | Reached XP level 5. HP: 18/37 MP: 0/8
  2123 | D:2      | Noticed Natasha
  2130 | D:2      | Killed Natasha
  2657 | D:3      | Noticed Terence
  2671 | D:3      | Killed Terence
  2671 | D:3      | Reached skill level 2 in Charms
  2958 | D:3      | Noticed Ijyb
  2968 | D:3      | Killed Ijyb
  2968 | D:3      | Reached XP level 6. HP: 30/43 MP: 3/10
  3173 | D:3      | Noticed Grinder
  3230 | D:3      | Noticed Jessica
  3232 | D:3      | Killed Jessica
  3362 | D:3      | Noticed Sigmund
  3755 | D:4      | Reached skill level 1 in Short Blades
  3941 | D:4      | Noticed an ogre
  3966 | D:4      | Killed an ogre
  3966 | D:4      | Reached XP level 7. HP: 7/50 MP: 1/11
  4159 | D:4      | Reached skill level 3 in Charms
  5200 | D:4      | Reached skill level 5 in Ice Magic
  5200 | D:4      | Reached XP level 8. HP: 57/57 MP: 12/12
  5474 | D:5      | Entered Level 5 of the Dungeon
  6113 | D:5      | Reached skill level 4 in Charms
  6715 | D:5      | Reached XP level 9. HP: 52/63 MP: 9/14
  6745 | D:5      | Learned a level 4 spell: Throw Icicle
  6800 | D:5      | Found a sacrificial altar of Ru.
  7101 | D:3      | Killed Sigmund
  7414 | D:3      | Found a basalt altar of Yredelemnul.
  7415 | D:3      | Found a hide-covered altar of Uskayaw.
  7718 | D:6      | Learned a level 1 spell: Confusing Touch
  7795 | D:6      | Noticed Blork the orc
  7808 | D:6      | Killed Blork the orc
  7875 | D:6      | Found a stormy altar of Qazlal.
  8372 | D:6      | Found a staircase to the Ecumenical Temple.
  8480 | Temple   | Entered the Ecumenical Temple
  8532 | Temple   | Became a worshipper of Kikubaaqudgha
  8759 | D:7      | Found a stormy altar of Qazlal.
  8916 | D:7      | Reached skill level 1 in Armour
  8949 | D:7      | Noticed Duvessa
  8986 | D:7      | Killed Duvessa
  8987 | D:7      | Noticed Dowan
  8996 | D:7      | Killed Dowan
  9113 | D:7      | Reached skill level 1 in Shields
  9410 | D:7      | Reached skill level 5 in Charms
  9620 | D:8      | Noticed Prince Ribbit
 10108 | D:9      | Noticed a troll
 10385 | D:8      | Learned a level 1 spell: Animate Skeleton
 10399 | D:8      | Reached skill level 5 in Stealth
 10399 | D:8      | Reached XP level 10. HP: 46/71 MP: 13/16
 10423 | D:8      | Learned a level 3 spell: Regeneration
 10538 | D:8      | Reached * piety under Kikubaaqudgha
 10538 | D:8      | Identified Kikubaaqudgha's Incunabulum of Black Rituals (Kikubaaqudgha gifted it to you on level 8 of the Dungeon)
 10538 | D:8      | Received a gift from Kikubaaqudgha
 10719 | D:8      | Killed Prince Ribbit
 10719 | D:8      | Reached skill level 1 in Necromancy
 10797 | D:8      | Noticed Joseph
 10824 | D:8      | Killed Joseph
 10824 | D:8      | Reached skill level 5 in Short Blades
 11330 | D:8      | Found a basalt altar of Yredelemnul.
 11445 | D:8      | Found a deep blue altar of Sif Muna.
 11527 | D:8      | Noticed a two-headed ogre
 11546 | D:8      | Killed a two-headed ogre
 12005 | D:9      | Reached skill level 5 in Dodging
 12705 | D:9      | Found a shimmering altar of Xom.
 12731 | D:9      | Found a shimmering altar of Xom.
 12732 | D:9      | Found a shimmering altar of Xom.
 12732 | D:9      | Found a shimmering altar of Xom.
 12903 | D:9      | Found a shimmering altar of Xom.
 12905 | D:9      | Found a shimmering altar of Xom.
 12917 | D:9      | You fall through a shaft!
 12917 | D:10     | Entered Level 10 of the Dungeon
 12934 | D:9      | Found a bloodstained altar of Trog.
 13073 | D:9      | Reached skill level 6 in Charms
 13280 | D:10     | Killed an unseen horror
 13280 | D:10     | Reached XP level 11. HP: 47/78 MP: 7/18
 13411 | D:10     | Noticed Fannar
 13680 | D:10     | Found Qogrowkeid's Antique Weapon Boutique.
 13683 | D:10     | Bought a polished long sword for 204 gold pieces
 13683 | D:10     | Identified the cursed +1 long sword of Leggun Pixau {drain, Str+4} (You bought it in a shop on level 10 of the Dungeon)
 14434 | D:10     | Killed Fannar
 14434 | D:10     | Reached skill level 5 in Spellcasting
 14700 | D:10     | Killed an unseen horror
 14700 | D:10     | Reached ** piety under Kikubaaqudgha
 14707 | D:10     | Learned a level 1 spell: Pain
 14712 | D:10     | Learned a level 4 spell: Animate Dead
 14728 | D:10     | Found a staircase to the Orcish Mines.
 15451 | D:11     | Noticed Psyche
 15478 | D:11     | Killed Psyche
 15623 | D:11     | Killed an unseen horror
 15623 | D:11     | Reached skill level 5 in Fighting
 15792 | D:11     | Noticed a cyclops
 15808 | D:11     | Reached skill level 7 in Charms
 15854 | D:11     | Killed a cyclops
 16411 | D:11     | Found a staircase to the Lair.
 16483 | Lair:1   | Entered Level 1 of the Lair of Beasts
 16501 | Lair:1   | Reached *** piety under Kikubaaqudgha
 16501 | Lair:1   | Identified Kikubaaqudgha's Collected Works on Necromancy (Kikubaaqudgha gifted it to you on level 1 of the Lair of Beasts)
 16501 | Lair:1   | Received a gift from Kikubaaqudgha
 16524 | Lair:1   | Reached XP level 12. HP: 38/86 MP: 8/20
 16803 | Lair:1   | Learned a level 3 spell: Vampiric Draining
 17183 | Lair:1   | Reached skill level 5 in Necromancy
 18662 | Lair:2   | Found a snail-covered altar of Cheibriados.
 19045 | Lair:2   | Reached skill level 8 in Charms
 19872 | Lair:3   | Reached skill level 5 in Shields
 20148 | Lair:3   | Reached **** piety under Kikubaaqudgha
 20203 | Lair:3   | Found a staircase to the Swamp.
 20429 | Lair:3   | Found a hole to the Spider Nest.
 20466 | Lair:3   | Reached XP level 13. HP: 85/93 MP: 5/22
 22729 | Lair:5   | Reached ***** piety under Kikubaaqudgha
 22729 | Lair:5   | Reached skill level 5 in Armour
 22961 | Lair:5   | Got a faintly humming leather armour
 22972 | Lair:5   | Identified the +2 leather armour of the Slorg {Regen+ Str+6 Int+3 Slay-4} (You found it on level 5 of the Lair of Beasts)
 23145 | Lair:5   | Learned a level 3 spell: Spectral Weapon
 23341 | Lair:5   | Noticed a seven-headed hydra
 23444 | Lair:5   | Killed a seven-headed hydra
 23746 | Lair:6   | Entered Level 6 of the Lair of Beasts
 23948 | Lair:6   | Reached skill level 9 in Charms
 24033 | Lair:6   | Found a viscous altar of Jiyva.
 24034 | Lair:6   | Found a staircase to the Slime Pits.
 24448 | Lair:6   | Noticed a catoblepas
 24499 | Lair:6   | Killed a catoblepas
 24782 | Orc:1    | Entered Level 1 of the Orcish Mines
 24993 | Orc:2    | Entered Level 2 of the Orcish Mines
 25078 | Orc:2    | Noticed a stone giant
 25100 | Orc:2    | Killed a stone giant
 25134 | Orc:2    | Found a staircase to the Elven Halls.
 25275 | Orc:2    | Noticed torrenera's ghost (journeyman GnTm)
 25598 | Orc:2    | Learned a level 5 spell: Dispel Undead
 25821 | Orc:2    | Reached XP level 14. HP: 68/101 MP: 19/23
 26331 | Orc:2    | Killed torrenera's ghost
 27215 | Orc:2    | Reached skill level 1 in Evocations
 27274 | Orc:2    | Found Zoteph's Food Emporium.
 27274 | Orc:2    | Found Gasoaf's Gadget Emporium.
 27275 | Orc:2    | Found Wiomp's Antique Weapon Shop.
 27275 | Orc:2    | Found Buodez's Book Shop.
 27363 | Orc:2    | Bought a glowing rapier for 224 gold pieces
 27466 | Orc:2    | Gained mutation: [You tend to lose your temper in combat.] [a neqoxec]
 31355 | D:14     | Found the amulet of the Four Winds {rN+ MR+++ Clar}
 31415 | D:14     | Reached ****** piety under Kikubaaqudgha
 31415 | D:14     | Reached skill level 10 in Charms
 31436 | D:14     | Identified a +3 rapier of pain (a +1 rapier of venom bloodied by Kikubaaqudgha)
 31436 | D:14     | Received a gift from Kikubaaqudgha
 32024 | D:14     | Reached XP level 15. HP: 105/108 MP: 25/25
 32438 | D:14     | Cast into level 2 of the Abyss (a wizard)
 32461 | Abyss:2  | Found a sparkling altar of Nemelex Xobeh.
 32888 | Abyss:2  | Noticed a tentacled starspawn
 33154 | Abyss:2  | Noticed a white draconian stormcaller
 33154 | Abyss:2  | Noticed a tentacled starspawn
 33169 | Abyss:2  | Noticed a tentacled starspawn
 33173 | Abyss:2  | Noticed a lich
 33176 | Abyss:2  | Paralysed by accursed screaming for 1 turns
 33178 | Abyss:2  | Paralysed by accursed screaming for 1 turns
 33184 | Abyss:2  | Killed from afar by a starcursed mass

Skill      XL: |  1  2  3  4  5  6  7  8  9 10 11 12 13 14 |
---------------+-------------------------------------------+-----
Charms         | 1 2 3 4 5 6 7 8 9 10 | 10.1
Fighting       | 1 2 3 4 5 6 7 |  7.1
Ice Magic      | 4 5 6 7 8 9 |  9.2
Stealth        | 3 4 5 6 7 8 |  8.3
Short Blades   | 1 3 4 6 7 9 |  9.9
Dodging        | 3 4 5 6 7 |  7.8
Spellcasting   | 3 4 5 6 7 |  7.2
Armour         | 1 2 3 4 5 6 |  6.1
Shields        | 1 3 4 5 6 |  6.6
Necromancy     | 3 4 6 7 8 |  8.7
Evocations     | 2 |  2.7
Long Blades    | |  0.3
Conjurations   | |  1.0

Action                   |  1- 3 |  4- 6 |  7- 9 | 10-12 | 13-15 || total
-------------------------+-------+-------+-------+-------+-------++-------
Melee: Spear             |    65 |       |       |       |       ||    65
       Dagger            |     8 |     8 |       |       |       ||    16
       Short sword       |       |    51 |   325 |  1069 |  1149 ||  2594
       Long sword        |       |       |       |    37 |       ||    37
       Rapier            |       |       |       |       |   182 ||   182
Throw: Javelin           |       |       |     2 |     1 |       ||     3
 Cast: Freeze            |    31 |    30 |    40 |    57 |    31 ||   189
       Throw Frost       |    11 |    23 |    42 |    24 |       ||   100
       Ozocubu's Armour  |       |     7 |    34 |    59 |    75 ||   175
       Confusing Touch   |       |       |     3 |     1 |       ||     4
       Regeneration      |       |       |       |    38 |    39 ||    77
       Animate Skeleton  |       |       |       |    23 |    21 ||    44
       Animate Dead      |       |       |       |    24 |    56 ||    80
       Pain              |       |       |       |    10 |    41 ||    51
       Vampiric Draining |       |       |       |    13 |    46 ||    59
       Throw Icicle      |       |       |       |       |     3 ||     3
       Spectral Weapon   |       |       |       |       |    26 ||    26
       Dispel Undead     |       |       |       |       |    14 ||    14
Invok: Receive Corpses   |       |       |       |     1 |     4 ||     5
       Brand Weapon With |       |       |       |       |     1 ||     1
Evoke: Wand              |       |       |     5 |     7 |    22 ||    34
  Use: Scroll            |       |    10 |     6 |    11 |    23 ||    50
       Potion            |       |       |     1 |     1 |     4 ||     6
 Stab: Sleeping          |     3 |     6 |     9 |    14 |    17 ||    49
       Distracted        |       |       |     2 |     1 |    12 ||    15
       Paralysed         |       |       |     1 |       |       ||     1
  Eat: Chunk             |     3 |     7 |    19 |    26 |    24 ||    79
       Ration            |       |     1 |     2 |     6 |    11 ||    20
Armor: Robe              |     7 |       |       |       |       ||     7
       Leather armour    |    19 |     7 |    92 |   399 |   397 ||   914
Dodge: Dodged            |    69 |    49 |   211 |   730 |   728 ||  1787
Block: Buckler           |       |       |    32 |   389 |   446 ||   867
       Rpst.: Long sword |       |       |       |     6 |       ||     6
